 Dungeon Crawl Stone Soup version 0.27-a0-1591-gc56fcc985a (webtiles) character file.

Game seed: 5683195952136507655

724 quinnr the Gusty (level 7, -1/38 HPs)
             Began as a Tengu Air Elementalist on July 19, 2021.
             Was an Initiate of Vehumet.
             Slain by a wyvern zombie (8 damage)
             ... on level 6 of the Dungeon.
             The game lasted 00:10:52 (6479 turns).

quinnr the Gusty (Tengu Air Elementalist)           Turns: 6479, Time: 00:10:53

Health: -1/38      AC:  2    Str:  8    XL:     7   Next: 71%
Magic:  2/12       EV: 14    Int: 17    God:    Vehumet [......]
Gold:   171        SH:  5    Dex: 15    Spells: 5/12 levels left

rFire    . . .     SeeInvis .   j - staff of conjuration
rCold    . . .     Faith    .   n - +0 buckler
rNeg     . . .     Spirit   .   a - +0 robe
rPois    .         Reflect  .   (helmet restricted)
rElec    .         Harm     .   (no cloak)
rCorr    .         Rampage  .   (no gloves)
Will     .....                  (boots unavailable)
Stlth    ++........             (no amulet)
HPRegen  0.12/turn              k - ring of wizardry
MPRegen  0.13/turn              (no ring)

@: flying quickly and evasively, quick
A: beak, talons 3, nimble flight
a: Renounce Religion


You were on level 6 of the Dungeon.
You worshipped Vehumet.
Vehumet was noncommittal.
You visited 2 branches of the dungeon, and saw 7 of its levels.

You collected 171 gold pieces.

Inventory:

Hand Weapons
 g - a +2 dagger of draining
Missiles
 h - 7 boomerangs of dispersal
Armour
 a - a +0 robe (worn)
 l - a +0 robe
 n - a +0 buckler (worn)
Magical Staves
 j - a staff of conjuration (weapon)
 r - a staff of cold
Jewellery
 k - a ring of wizardry (left hand)
Wands
 m - a wand of polymorph (5)
Scrolls
 d - 4 scrolls of identify {unknown}
 e - 2 scrolls of fear {unknown}
 i - 2 scrolls of fog {unknown}
 o - 2 scrolls of teleportation {unknown}
 p - a scroll of enchant weapon {unknown}
 q - a scroll of summoning
 t - a scroll of noise {unknown}
 v - a scroll of blinking {unknown}
 w - a scroll of silence {unknown}
Potions
 b - 2 potions of degeneration {unknown}
 c - 2 potions of flight {unknown}
 f - a potion of might {unknown}
 s - a potion of lignification {unknown}
 u - a potion of magic {unknown}


   Skills:
 - Level 1.0 Fighting
 - Level 2.1 Dodging
 - Level 3.0 Stealth
 + Level 3.9 Shields
 - Level 3.0 Spellcasting
 - Level 1.3 Conjurations
 + Level 2.6 Translocations
 + Level 7.7 Air Magic


You had 5 spell levels left.
You knew the following spells:

 Your Spells              Type           Power      Damage    Failure   Level
a - Shock                 Conj/Air       100%       1d9       1%          1
b - Airstrike             Air            14%        N/A       3%          4
c - Blink                 Tloc           N/A        N/A       3%          2

Your spell library contained the following spells:

 Spells                   Type           Power      Damage    Failure   Level
 Static Discharge         Conj/Air       27%        N/A       1%          2
 Swiftness                Air            28%        N/A       1%          3
 Foxfire                  Conj/Fire      28%        2x1d5     5%          1
 Lesser Beckoning         Tloc           5%         N/A       7%          3
 Conjure Flame            Conj/Fire      7%         6-21      16%         3
 Inner Flame              Hex/Fire       2%         N/A       21%         3
 Manifold Assault         Tloc           11%        N/A       52%         5


Dungeon Overview and Level Annotations

Branches:
Dungeon (6/15)             Temple (1/1) D:5

Altars:
Cheibriados
Elyvilon
Fedhas
Gozag
Hepliaklqana
Nemelex Xobeh
Uskayaw
Vehumet

Annotations:
D:2 1 runed translucent door, Crazy Yiuf
D:4 3 runed translucent doors, DocClef's ghost, weakling GnDe
D:5 3 runed translucent doors, Rallik's ghost, novice MiHu
D:6 exclusion: skeleton


Innate Abilities, Weirdness & Mutations

You have a beak for a mouth.
You have claws for feet.
Your magical nature lets you fly swiftly and evasively.


Message History

The zap hits the wyvern zombie.
The wyvern zombie is heavily damaged.
The zap hits the gnoll!
The gnoll is heavily wounded.
The gnoll barely misses you.
Unknown command.
You feel a surge of power!
The zap hits the gnoll!
You kill the gnoll!
Vehumet accepts your kill.
The zap misses the wyvern zombie.
The zap hits the gnoll.
The gnoll is almost dead.
Unknown command.
You feel a surge of power!
The zap misses the wyvern zombie.
The zap hits the gnoll!
You kill the gnoll!
Vehumet accepts your kill. The wyvern zombie bites you. x2
Unknown command.
You feel a surge of power!
The zap hits the wyvern zombie.
The wyvern zombie is severely damaged.
The wyvern zombie bites you!
Unknown command.
You hit the wyvern zombie.
You claw the wyvern zombie, but do no damage.
The wyvern zombie is severely damaged.
The wyvern zombie misses you.
You hit the wyvern zombie but do no damage.
The wyvern zombie is severely damaged.
The wyvern zombie misses you. The wyvern zombie bites you!
* * * LOW HITPOINT WARNING * * *
Unknown command.
Casting: Shock (safe; 1% risk of failure)
Confirm with . or Enter, or press ? or * to list all spells.
Aiming: Airstrike (dangerous; 3% risk of failure)
Press: ? - help, Dir - move target, f/p - wyvern zombie
Aim: a wyvern zombie (severely damaged)
The air twists around and strikes the wyvern zombie!
The wyvern zombie is almost destroyed.
The wyvern zombie bites you!
You die...

#.#
#.###########.
#.# #.# #. #)#
#.# #. #.# #..
#. #)# ### #.
#.# #. #.# #.
#Z# #@# #.#
#.# #.# #.#
#.# #.# #.#


You could see a wyvern zombie.

Vanquished Creatures
  A sky beast (D:6)
  2 necrophages
  An ogre (D:5)
  A scorpion (Temple)
  A bullfrog zombie (D:5)
  A centaur zombie (D:5)
  Terence (D:2)
  2 orc wizards (D:5)
  A howler monkey zombie (D:5)
  Robin (D:4)
  3 gnolls (D:6)
  3 adders
  A worm (D:2)
  A dart slug (D:3)
  7 orcs
  6 endoplasms
  3 giant cockroaches
  16 goblins
  11 hobgoblins
  4 jackals (D:4)
  7 kobolds
  2 quokkas
  3 ball pythons
  3 bats (D:1)
  3 frilled lizards
  3 rats
88 creatures vanquished.

Vanquished Creatures (others)
  A demonic plant (D:1)
  A plant (D:1)
  A withered plant (D:1)
3 creatures vanquished.

Grand Total: 91 creatures vanquished

Notes
Turn   | Place    | Note
-------+----------+-------------------------------------------
     0 | D:1      | quinnr the Tengu Air Elementalist began the quest for the
                  | Orb.
     0 | D:1      | Reached XP level 1. HP: 10/10 MP: 4/4
   373 | D:1      | HP: 1/11 [hobgoblin (3)]
   375 | D:1      | Reached skill level 1 in Fighting
   375 | D:1      | Reached XP level 2. HP: 1/16 MP: 3/6
   769 | D:1      | Found a faded altar of an unknown god.
  1016 | D:1      | Reached skill level 5 in Air Magic
  1143 | D:1      | Reached XP level 3. HP: 20/20 MP: 3/7
  2151 | D:2      | Reached XP level 4. HP: 25/25 MP: 6/8
  2232 | D:2      | Found a runed translucent door.
  2233 | D:2      | Noticed Crazy Yiuf
  2292 | D:2      | Noticed Terence
  2364 | D:2      | Killed Terence
  2449 | D:2      | Learned a level 4 spell: Airstrike
  3044 | D:3      | Found a white marble altar of Elyvilon.
  3239 | D:3      | Noticed a necrophage
  3252 | D:3      | Killed a necrophage
  3253 | D:3      | Reached skill level 1 in Shields
  3253 | D:3      | Reached skill level 6 in Air Magic
  3253 | D:3      | Gained mutation: Your magical nature lets you fly swiftly
                  | and evasively. [Tengu growth]
  3253 | D:3      | Reached XP level 5. HP: 29/29 MP: 1/10
  3395 | D:3      | Learned a level 2 spell: Blink
  3485 | D:4      | Found an opulent altar of Gozag.
  3486 | D:4      | Found a runed translucent gate.
  3486 | D:4      | Found a runed translucent gate.
  3486 | D:4      | Found a runed translucent gate.
  3486 | D:4      | Noticed DocClef's ghost (weakling GnDe)
  3825 | D:4      | Noticed Robin
  3829 | D:4      | Killed Robin
  4602 | D:4      | Noticed a necrophage
  4625 | D:4      | Killed a necrophage
  4626 | D:4      | Reached skill level 1 in Translocations
  4626 | D:4      | Reached XP level 6. HP: 27/34 MP: 2/11
  4963 | D:5      | Entered Level 5 of the Dungeon
  5256 | D:5      | Noticed Rallik's ghost (novice MiHu)
  5303 | D:5      | Found a runed translucent gate.
  5303 | D:5      | Found a runed translucent gate.
  5304 | D:5      | Found a runed translucent gate.
  5307 | D:5      | Noticed an orc warrior
  5316 | D:5      | Found a staircase to the Ecumenical Temple.
  5325 | Temple   | Entered the Ecumenical Temple
  5328 | Temple   | Reached skill level 7 in Air Magic
  5328 | Temple   | Reached XP level 7. HP: 32/38 MP: 3/12
  5493 | Temple   | Became a worshipper of Vehumet
  6479 | D:6      | Slain by a wyvern zombie

Illustrated notes

Levels and vault maps discovered:
D:1:      amcnicky_arrival_underground_garden, layout_loops_ring,
          shapermc_ecumenical_altar_gd, st_stairs_7
D:2:      layout_rooms, minmay_misc_feat_rows, uniq_crazy_yiuf_cottage,
          uniq_terence
D:3:      layout_basic, lemuel_crystal_altar
D:4:      layout_layer_cave, ebering_ghost_gozag, kennysheep_generic_room_12,
          uniq_robin
D:5:      layout_basic, minmay_temple_entry_trees, gammafunk_ghost_split
D:6:      layout_basic
Temple:   dpeg_five_rooms_temple

Skill      XL: |  1  2  3  4  5  6  7 |
---------------+----------------------+-----
Fighting       | 1 |  1.0
Air Magic      | 5 6 7 |  7.7
Stealth        | 3 |  3.0
Shields        | 1 2 3 |  3.9
Spellcasting   | 3 |  3.0
Translocations | 1 2 |  2.6
Dodging        | |  2.1
Conjurations   | |  1.3

Action                   |  1- 3 |  4- 6 |  7- 9 || total
-------------------------+-------+-------+-------++-------
Melee: Unarmed           |     8 |       |       ||     8
       Kick              |     3 |     1 |     4 ||     8
       Dagger            |     4 |       |       ||     4
       Peck              |     1 |     1 |     3 ||     5
       Staff             |       |     8 |    11 ||    19
 Cast: Shock             |    74 |    74 |    28 ||   176
       Airstrike         |       |     7 |     6 ||    13
  Use: Scroll            |       |     2 |       ||     2
Armor: Robe              |     1 |     5 |     3 ||     9
Dodge: Dodged            |     6 |    11 |    25 ||    42
Block: Buckler           |       |     6 |    11 ||    17

Table legend: (Time is in decaauts)
 A = Elapsed time spent in this place.
 B = Non-inter-level travel time spent in this place.
 C = Inter-level travel time spent in this place.
 D = Time resting spent in this place.
 E = Time spent auto-exploring this place.
 F = Levels seen in this place.
 G = Mean time per level.
                   A        B        C        D        E       F      G
               +--------+--------+--------+--------+--------+-----+--------+
         Total |   6283 |   6050 |    233 |    272 |   5143 |   7 |  897.6 |
       Dungeon |   6095 |   5911 |    184 |    272 |   5009 |   6 | 1015.8 |
        Temple |    187 |    138 |     49 |      0 |    133 |   1 |  187.0 |
               +--------+--------+--------+--------+--------+-----+--------+

Top non-repeatable levels by time:
     D:1: 1657 daAuts
     D:4: 1649 daAuts
     D:5: 962 daAuts
     D:2: 942 daAuts
     D:3: 714 daAuts
  Temple: 187 daAuts
     D:6: 170 daAuts
